 Dungeon Crawl Stone Soup version 0.27.1-34-g3ba077fa99 (webtiles) character file.

Game seed: 18314840162723510662

18 issech the Skirmisher (level 2, -2/29 HPs)
             Began as a Troll Fighter on Jan 19, 2022.
             Slain by a necrophage (7 damage)
             ... on level 4 of the Dungeon.
             The game lasted 00:02:20 (367 turns).

issech the Skirmisher (Troll Fighter)                Turns: 367, Time: 00:02:21

Health: -2/29      AC:  4    Str: 23    XL:     2   Next: 48%
Magic:  1/1        EV:  8    Int:  4    God:
Gold:   32         SH:  8    Dex:  9    Spells: 1/1 levels left

rFire    . . .     SeeInvis .   a - +0 flail
rCold    . . .     Faith    .   c - +0 kite shield
rNeg     . . .     Spirit   .   b - +0 robe
rPois    .         Reflect  .   (helmet restricted)
rElec    .         Harm     .   (no cloak)
rCorr    .         Rampage  .   (gloves unavailable)
Will     .....                  (boots unavailable)
Stlth    +.........             (no amulet)
HPRegen  1.09/turn              (no ring)
MPRegen  0.07/turn              (no ring)

@: no status effects
A: large, unfitting armour, claws 3, regeneration 1, shaggy fur 1, tough skin 1
a: no special abilities


You were on level 4 of the Dungeon.
You visited 1 branch of the dungeon, and saw 4 of its levels.

You collected 32 gold pieces.

Inventory:

Hand Weapons
 a - a +0 flail (weapon)
 h - a +0 short sword
 i - a +3 dagger
 k - a +0 hand axe of distortion
Missiles
 g - 5 stones (quivered)
Armour
 b - a +0 robe (worn)
 c - a +0 kite shield (worn)
Scrolls
 e - 2 scrolls of identify {unknown}
 j - a scroll of blinking {unknown}
Potions
 d - a potion of might
 f - a potion of attraction {unknown}


   Skills:
 + Level 2.6 Fighting
 + Level 2.0 Maces & Flails
 + Level 2.6 Dodging
 + Level 2.6 Shields


You had one spell level left.
You didn't know any spells.
Your spell library was empty.

Dungeon Overview and Level Annotations

Branches:
Dungeon (4/15)
 Temple: D:4-7

Altars:


Innate Abilities, Weirdness & Mutations

You are too large for most types of armour.
You have claws for hands.
Your natural rate of healing is unusually fast.
You are covered in fur. (AC +1)
You have tough skin. (AC +1)


Message History

The orc priest calls down the wrath of Beogh upon you.
Pain shoots through your body!
The endoplasm quivers.
The bat closely misses you. The orc hits you with a +0 short sword.
You see here a +0 hand axe of distortion.
k - a +0 hand axe of distortion The orc hits you but does no damage.
The orc priest barely misses you. You block the endoplasm's attack.
There is a stone staircase leading down here.
The bat hits you but does no damage. The endoplasm freezes you.
You are frozen.
The orc priest hits you with a +0 club. You block the orc's attack.
You climb downwards.
The iguana hisses angrily.
Found a scroll labelled YROTONWESI.
Found a stone staircase leading up.
There is a stone staircase leading up here.
You sock the orc!
You kill the orc!
You block the bat's attack. The bat hits you but does no damage.
The endoplasm freezes you.
You are frozen.
The orc priest hits you but does no damage.
The endoplasm freezes you.
You are frozen.
The orc priest miscasts a cantrip.
Your Maces & Flails skill increases to level 2!
You thump the kobold!
You kill the kobold!
You block the bat's attack. The bat hits you but does no damage.
You block the iguana's attack.
The endoplasm hits you but does no damage.
The orc priest hits you but does no damage.
The iguana bites you!
You barely miss the necrophage. You block the bat's attack.
The endoplasm hits you. The orc priest hits you with a +0 club.
* * * LOW HITPOINT WARNING * * *
The necrophage hits you!
You die...

#.....#
.....##
##.....#
#......#
#......##
#.......#
#..l.J..#
#..n@b.?#
##.o)..##
..........#
.............#
##......##..##
#........ <...
#.#...... ....
..#...... .#.#


You could see a necrophage, an iguana, an orc priest, an endoplasm and a bat.

Vanquished Creatures
  An orc (D:4)
  3 endoplasms (D:1)
  2 giant cockroaches (D:1)
  2 hobgoblins (D:1)
  3 kobolds
  2 bats (D:1)
  A frilled lizard (D:1)
  A rat (D:1)
15 creatures vanquished.

Notes
Turn   | Place    | Note
-------+----------+-------------------------------------------
     0 | D:1      | issech the Troll Fighter began the quest for the Orb.
     0 | D:1      | Reached XP level 1. HP: 22/22 MP: 0/0
    65 | D:1      | Reached XP level 2. HP: 29/29 MP: 1/1
   364 | D:4      | Noticed a necrophage
   367 | D:4      | Slain by a necrophage

Illustrated notes

Levels and vault maps discovered:
D:1:      roderic_chinese_lattice_arrival, layout_basic,
          hellmonk_ecumenical_altar_watching_god
D:2:      minmay_alternating_diamond, layout_loops_corners, basic_altar,
          serial_shops, nicolae_shop_stone
D:3:      layout_rooms, lexackson_kobold_supper, uniq_sigmund, uniq_natasha
D:4:      layout_cave_pools, fiery_altar_vehumet

Skill      XL: |  1  2 |
---------------+-------+-----
Maces & Flails | 2 |  2.0
Fighting       | |  2.6
Dodging        | |  2.6
Shields        | |  2.6

Action                   || total
-------------------------++-------
Melee: Flail             ||    29
Armor: Robe              ||    15
Dodge: Dodged            ||     9
Block: Kite shield       ||    20
